Cogmind - Beta 15 @@@ ROGUE MODE // 2025.07.30 @ 12:29:28 Player: amhumam Result: Destroyed by S-43 Plague with Heavy Machine Gun Performance ------------- Evolutions (9) 4500 Regions Visited (15) 3000 Robots Destroyed (63) 315 Value Destroyed (3191) 3191 Prototype IDs (76) 1520 Alien Tech Used (3) 600 Bonus (2422) 2422 TOTAL SCORE: 15548 Bonus ------- High Alert Combat Kills 649 Follower Combat Kills 673 Registered with UFD 300 Met Optimus in HQ 500 Met Zhirov 300 Cogmind --------- Core Integrity 0/1600 Matter 32/300 Energy 31/100 System Corruption 12% Temperature Cool (1) Movement Flying (40) Location -1/Access Parts ------- > --- POWER (2) -------- (None) > --- PROPULSION (9) --- Q-thruster > --- UTILITY (10) ----- Core Analyzer > --- WEAPON (4) ------- (None) > --- INVENTORY (5) ---- Micro Antimatter Reactor Compact Wheel ECM Suite Enhanced Quantum Rifle Enhanced Quantum Rifle Peak State ------------ > --- POWER ------------ Neutrino Core Fusion Reactor > --- PROPULSION ------- Field Propulsion Drive Impulse Thruster Array Flightbrick > --- UTILITY ---------- Experimental Power Amplifier Medium Storage Unit Advanced Sensor Array Advanced Signal Interpreter Seismic Detector Advanced Launcher Guidance Computer Core Analyzer Advanced Reaction Control System Cloaking Device A0-MCA's Component Scanner System Guard > --- WEAPON ----------- Heavy Wave Gun Advanced Variable Charge Gun Power Sword > --- INVENTORY -------- Cooled Field Propulsion Drive Q-thruster Impulse Thruster Array Improved Matter Compressor Advanced Sensor Array Transdimensional Reconstructor Z-bomb Delivery System [Rating: 158] Favorites ----------- Power Subdweller Power Source Engine Subdweller Power Source Power Core Neutrino Core Reactor Compact Particle Reactor Propulsion Wheel Treads Light Treads Leg Carbon-fiber Leg Wheel Wheel Flight Unit Flightbrick Utility Medium Storage Unit Device Advanced Sensor Array Storage Medium Storage Unit Processor Core Analyzer Hackware Experimental Hacking Suite Protection Hardened Medium Armor Plating Weapon Subdweller Beam Cannon Energy Gun Heavy Wave Gun Energy Cannon Subdweller Beam Cannon Ballistic Gun Assault Rifle Ballistic Cannon Mass Driver Launcher Tiamat Missile Launcher Slashing Weapon Power Sword Special Melee Weapon Datajack Build | -11 -10 -10 -7 -7 -5 -4 -4 -4 -4 -3 -3 -3 -2 -2 -1 ------- Run | Yrd Mat Sub Rec Scr Fac Fac Upp Upp Zhi Pro Res Tes Res Qua Acc Slots Evolved 18 | . . . . . 10 2 . . . . 2 . 2 . 2 Power 1 | . . . . . 1 . . . . . . . . . . Propulsion 7 | . . . . . 4 . . . . . 1 . . . 2 Utility 8 | . . . . . 5 1 . . . . 1 . 1 . . Weapon 2 | . . . . . . 1 . . . . . . 1 . . Parts Attached 111 | 6 1 15 3 2 37 12 4 2 . . 3 9 7 3 7 Power 17 | 1 . 2 . 1 4 3 . 1 . . . 2 1 1 1 Engine 9 | 1 . 2 . 1 4 1 . . . . . . . . . Core 2 | . . . . . . 1 . 1 . . . . . . . Reactor 6 | . . . . . . 1 . . . . . 2 1 1 1 Propulsion 28 | 2 . 2 1 . 14 . . 1 . . 1 1 3 . 3 Treads 8 | 2 . . . . 5 . . . . . . . 1 . . Leg 2 | . . . . . 2 . . . . . . . . . . Wheel 7 | . . 2 1 . 4 . . . . . . . . . . Hover . | . . . . . . . . . . . . . . . . Flight 11 | . . . . . 3 . . 1 . . 1 1 2 . 3 Utility 39 | 1 . 3 1 1 14 6 2 . . . 2 2 2 2 3 Device 18 | . . 1 . . 6 3 2 . . . 1 1 1 2 1 Storage 6 | 1 . 1 1 . 1 1 . . . . . . . . 1 Processor 9 | . . . . . 4 2 . . . . 1 1 . . 1 Hackware 1 | . . . . . . . . . . . . . 1 . . Protection 5 | . . 1 . 1 3 . . . . . . . . . . Artifact . | . . . . . . . . . . . . . . . . Weapon 27 | 2 1 8 1 . 5 3 2 . . . . 4 1 . . Energy Gun 7 | 1 . 1 . . 1 1 . . . . . 3 . . . Energy Cannon 3 | . . 2 . . . . 1 . . . . . . . . Ballistic Gun 4 | 1 1 2 . . . . . . . . . . . . . Ballistic Cannon 3 | . . 1 . . 1 1 . . . . . . . . . Launcher 5 | . . 1 . . 3 . . . . . . 1 . . . Special Weapon . | . . . . . . . . . . . . . . . . Impact Weapon . | . . . . . . . . . . . . . . . . Slashing Weapon 4 | . . 1 . . . 1 1 . . . . . 1 . . Piercing Weapon . | . . . . . . . . . . . . . . . . Special Melee Weapon 1 | . . . 1 . . . . . . . . . . . . Unidentified Prototypes 8 | . . . . . 3 . . . 1 . . 1 2 . 1 Corrupted Parts 1 | . . . . . . . . . . . . . . . 1 System Corruption 10 | . . . . . . . . . . . . . . . 10 Parts Lost 60 | . . 5 1 . 16 2 1 . . . . 19 4 . 12 Power 11 | . . . . . 4 2 . . . . . 3 . . 2 Propulsion 18 | . . 2 1 . 5 . 1 . . . . 3 2 . 4 Utility 22 | . . 1 . . 6 . . . . . . 8 2 . 5 Weapon 9 | . . 2 . . 1 . . . . . . 5 . . 1 Highest Loss Streak 11 | . . 3 1 . 7 2 1 . . . . 9 2 . 11 To Critical Strikes 1 | . . . . . . . . . . . . 1 . . . Average Backups 9 | 2 6 8 8 11 8 8 10 10 9 10 10 8 6 7 9 Power 1 | . 1 1 1 1 . . 1 1 . 1 1 1 2 3 2 Propulsion 1 | 1 4 2 2 2 1 1 1 . . . 1 2 2 . 2 Utility 2 | . . . 1 5 2 2 3 4 4 4 3 2 1 1 . Weapon 3 | . 1 4 3 1 3 4 4 4 4 4 3 2 1 1 2 Tool/Special . | . . . . . . . . . . . . . . . . Unused Backups 32 | . . 3 3 2 8 3 . 1 1 . 1 2 . . 8 Power 4 | . . 1 . . 1 . . . . . . . . . 2 Propulsion 7 | . . 2 . . 2 . . . . . . . . . 3 Utility 13 | . . . 2 2 3 2 . . 1 . 1 2 . . . Weapon 7 | . . . 1 . 1 1 . 1 . . . . . . 3 Tool/Special 1 | . . . . . 1 . . . . . . . . . . Average Slot Usage (%) 80 | . 85 92 96 100 65 58 63 56 63 63 64 62 23 31 40 Engine 8 | . 14 14 14 14 7 3 . . . . . . . 1 . Treads 4 | . 28 15 . . 6 . . . . . . . . . . Wheel 12 | . . 11 24 28 8 . . . . . . . . . . Flight 3 | . . . . . 1 13 13 10 13 13 12 10 2 8 8 Device 9 | . . 4 14 3 6 12 18 13 16 18 19 18 4 3 9 Storage 9 | . 14 14 14 14 3 3 4 4 4 4 4 4 4 4 3 Processor 6 | . . . . . 11 19 18 18 18 18 16 15 4 4 7 Protection 3 | . . 2 . 10 6 . . . . . . . . . . Energy Gun 1 | . 5 3 . . 1 . . . . . 3 4 . . . Energy Cannon 7 | . . 10 14 14 1 . . . . . . . . . . Ballistic Gun 2 | . 22 10 . . . . . . . . . . . . . Slashing Weapon 1 | . . . 4 . . 2 4 4 4 4 4 3 2 4 2 Special Melee Weapon 4 | . . . 8 14 . . . . . . . . . . . Peak Build Rating 158 | 6 6 17 18 23 82 105 108 103 109 106 135 158 50 66 83 Average Rating 46 | 4 6 10 16 20 58 92 100 95 105 106 130 125 37 51 64 On Entrance 57 | . 6 6 17 18 22 72 99 92 103 106 106 135 27 42 66 Naked Turns . | . . . . . . . . . . . . . . . . Heaviest Build 86 | 13 14 33 36 50 86 33 34 37 37 33 44 59 30 27 27 Greatest Support 47 | 40 40 40 26 22 46 34 34 37 37 37 47 47 16 27 36 Greatest Overweight (x) 3 | 3 . 1 3 2 3 . . . . . . 1 1 . 1 Average Overweight (x) . | . . . 1 1 . . . . . . . . . . . Largest Inventory Capacity 15 | 8 8 10 15 15 15 10 10 10 10 10 10 10 10 10 10 Average Capacity 11 | 7 8 9 11 15 12 9 10 10 10 10 10 10 10 10 9 Most Carried 15 | 6 7 10 15 15 15 10 10 10 10 10 10 10 8 10 10 Average Carried 10 | 3 6 8 11 14 11 8 9 9 9 10 9 9 6 7 9 Final Capacity 15 | 8 8 10 15 15 5 10 10 10 10 10 10 10 10 10 5 Final Carried 15 | 6 7 10 15 15 5 10 10 10 10 10 10 7 6 9 5 Class Distribution -------------------- 50% | Mutant 34% | Commander-Mutant 11% | Sprinter Dominant Class ---------------- Mutant | -10/Materials Mutant | -10/Subcaves Commander-Mutant | -7/Recycling Commander-Mutant | -7/Scraptown Commander-Mutant | -5/Factory Sprinter | -4/Factory Sprinter | -4/Upper Caves Mutant | -4/Upper Caves Mutant | -4/Zhirov Mutant | -3/Proximity Caves Mutant | -3/Research Mutant | -3/Testing Mutant | -2/Research Mutant | -2/Quarantine Mutant | -1/Access Resources | -11 -10 -10 -7 -7 -5 -4 -4 -4 -4 -3 -3 -3 -2 -2 -1 ----------- Run | Yrd Mat Sub Rec Scr Fac Fac Upp Upp Zhi Pro Res Tes Res Qua Acc Matter Collected 3179 | 238 . 474 110 20 1202 233 67 109 84 164 . 381 97 . . Remotely . | . . . . . . . . . . . . . . . . Salvage Created 2106 | . 147 300 . . 1433 . . . . . . 129 97 . . Parts 109 | . 8 14 . . 69 . . . . . . 13 5 . . Haulers Intercepted . | . . . . . . . . . . . . . . . . Recyclers Shooed 5 | . . . . . 5 . . . . . . . . . . Parts Field Recycled . | . . . . . . . . . . . . . . . . Retrieved Matter . | . . . . . . . . . . . . . . . . Parts Self-Destructed 5 | . . 5 . . . . . . . . . . . . . Prevented 5 | . . . . . . . . 4 . 1 . . . . . Kills | -11 -10 -10 -7 -7 -5 -4 -4 -4 -4 -3 -3 -3 -2 -2 -1 ------- Run | Yrd Mat Sub Rec Scr Fac Fac Upp Upp Zhi Pro Res Tes Res Qua Acc Combat Hostiles Destroyed 55 | . 3 10 . . 37 . . . . . . 4 1 . . Melee 6 | . . . . . 3 . . . . . . 2 1 . . Guns 11 | . 3 4 . . 4 . . . . . . . . . . Cannons 9 | . . 3 . . 6 . . . . . . . . . . AOE 28 | . . 3 . . 23 . . . . . . 2 . . . Classes Destroyed 15 | . 1 2 . . 11 . . . . . . 1 . . . Worker 3 | . . . . . 3 . . . . . . . . . . Recycler 2 | . . . . . 2 . . . . . . . . . . Mechanic 1 | . . . . . 1 . . . . . . . . . . Operator 1 | . . . . . 1 . . . . . . . . . . Swarmer 4 | . . . . . 4 . . . . . . . . . . Saboteur 2 | . . . . . 2 . . . . . . . . . . Grunt 26 | . 3 3 . . 20 . . . . . . . . . . Brawler 2 | . . . . . 2 . . . . . . . . . . Duelist 4 | . . . . . 4 . . . . . . . . . . Protector 1 | . . . . . 1 . . . . . . . . . . Sentry 4 | . . 1 . . 2 . . . . . . . 1 . . Hunter 1 | . . . . . 1 . . . . . . . . . . Programmer 4 | . . . . . 2 . . . . . . 2 . . . Striker 2 | . . . . . . . . . . . . 2 . . . Subdweller 6 | . . 6 . . . . . . . . . . . . . Best Kill Streak 13 | . 3 2 . . 13 . . . . . . 2 1 . . Combat Bots Only 12 | . 3 2 . . 12 . . . . . . 2 1 . . Max Kills in Single Turn 6 | . 1 2 . . 6 . . . . . . 1 1 . . Gunslinging . | . . . . . . . . . . . . . . . . Exploded 5 | . . 1 . . 5 . . . . . . 1 . . . Melee 1 | . . . . . 1 . . . . . . 1 1 . . Uniques/NPCs Destroyed . | . . . . . . . . . . . . . . . . Combat | -11 -10 -10 -7 -7 -5 -4 -4 -4 -4 -3 -3 -3 -2 -2 -1 -------- Run | Yrd Mat Sub Rec Scr Fac Fac Upp Upp Zhi Pro Res Tes Res Qua Acc Hostile Shots Fired 859 | . 10 52 14 . 282 68 10 . . . . 158 46 2 217 Missed 317 | . 5 17 5 . 88 35 4 . . . . 48 7 . 108 Hits 542 | . 5 35 9 . 194 33 6 . . . . 110 39 2 109 Melee 3 | . . . . . 3 . . . . . . . . . . Projectile 539 | . 5 35 9 . 191 33 6 . . . . 110 39 2 109 AOE 19 | . . 4 . . 15 . . . . . . . . . . Critical Strikes 30 | . . 1 . . 12 2 . . . . . 13 . . 2 Part Disruptions 1 | . . . . . . . . . . . . 1 . . . Damage Taken 12007 | . 63 957 80 . 3376 733 109 . . . . 3089 893 43 2664 Core 3607 | . . 199 3 . 359 82 . . . . . 861 484 18 1601 Absorbed by Shields 990 | . . . 16 . 974 . . . . . . . . . . Ignored by Resistances 1 | . . 1 . . . . . . . . . . . . . Core Remaining (%) 61 | 100 . . . 19 64 . . . . 92 . 28 . 65 . Volleys Fired 159 | . 7 42 3 . 72 8 4 . . . 3 20 . . . Largest 2 | . 2 2 2 . 2 1 1 . . . 1 2 . . . Hottest 328 | . 40 113 160 . 127 88 105 . . . 105 328 . . . Shots Fired 251 | . 14 73 4 . 113 8 4 . . . 3 32 . . . Gun 115 | . 14 34 . . 36 3 . . . . . 28 . . . Cannon 106 | . . 35 4 . 55 5 4 . . . 3 . . . . Launcher 30 | . . 4 . . 22 . . . . . . 4 . . . Special . | . . . . . . . . . . . . . . . . Kinetic 99 | . 14 39 . . 40 5 1 . . . . . . . . Thermal 122 | . . 34 4 . 51 3 3 . . . 3 24 . . . Explosive 26 | . . . . . 22 . . . . . . 4 . . . Electromagnetic 4 | . . . . . . . . . . . . 4 . . . Robot Hit Streak 31 | . 3 22 26 . 31 1 . . . . . 5 . . . Robot Miss Streak 5 | . 1 3 . . 5 2 . . . . . 4 . . . Penetration Max 1 | . . . . . 1 . . . . . . . . . . Secondary Targets 1 | . 1 . . . . . . . . . . . . . . Max Gunslinging Chain 1 | . 1 . . . . . . . . . . . . . . Shots Hit Robots 232 | . 8 50 51 3 87 1 . . . . . 27 4 . 1 Core Hits 143 | . 5 16 . . 111 . . . . . . 9 2 . . Critical Kills 2 | . 1 . . . 1 . . . . . . . . . . Critical Parts Destroyed . | . . . . . . . . . . . . . . . . Critical Strikes 6 | . 1 . . . 2 . . . . . . 1 1 . 1 Meltdown 1 | . . . . . 1 . . . . . . . . . . Destroy 1 | . 1 . . . . . . . . . . . . . . Blast 1 | . . . . . 1 . . . . . . . . . . Sever 3 | . . . . . . . . . . . . 1 1 . 1 Melee Attacks 134 | . . 10 52 3 8 17 8 . . . 3 18 4 4 7 Impact . | . . . . . . . . . . . . . . . . Slashing 84 | . . 10 5 . 8 17 8 . . . 3 18 4 4 7 Piercing . | . . . . . . . . . . . . . . . . Sneak Attacks 50 | . . . 47 3 . . . . . . . . . . . Combat Hostiles . | . . . . . . . . . . . . . . . . Follow-up Attacks . | . . . . . . . . . . . . . . . . Damage Inflicted 10687 | . 102 1244 105 . 6469 29 . . . . . 2486 191 . 61 Guns 1791 | . 102 419 . . 824 29 . . . . . 417 . . . Cannons 1666 | . . 473 105 . 1088 . . . . . . . . . . Explosions 6372 | . . 352 . . 4390 . . . . . . 1630 . . . Melee 720 | . . . . . 167 . . . . . . 301 191 . 61 Ramming 138 | . . . . . . . . . . . . 138 . . . Kinetic 1811 | . 102 781 . . 928 . . . . . . . . . . Thermal 2081 | . . 463 105 . 1087 29 . . . . . 397 . . . Explosive 5917 | . . . . . 4287 . . . . . . 1630 . . . Electromagnetic 20 | . . . . . . . . . . . . 20 . . . Impact . | . . . . . . . . . . . . . . . . Slashing 720 | . . . . . 167 . . . . . . 301 191 . 61 Piercing . | . . . . . . . . . . . . . . . . Highest Corruption 27 | . . . . . 7 . . . . . . 27 4 4 12 Average Corruption 5 | . . . . . 4 . . . . . . 11 3 4 1 Corruption Purged . | . . . . . . . . . . . . . . . . Corruption Blocked . | . . . . . . . . . . . . . . . . Effects 11 | . . . . . 2 . . . . . . 5 1 2 1 Message Errors 2 | . . . . . 1 . . . . . . . . 1 . Matter Fused 2 | . . . . . . . . . . . . 1 1 . . Heat Flow Errors 3 | . . . . . 1 . . . . . . 1 . 1 . Parts Rejected 1 | . . . . . . . . . . . . 1 . . . Misdirections 1 | . . . . . . . . . . . . . . . 1 Weapon Failures 2 | . . . . . . . . . . . . 2 . . . Overload Shots 4 | . . . . . . . . . . . . 4 . . . Overflow Damage 487 | . . . . . 287 . . . . . . 200 . . . Projectiles 53 | . . . . . 53 . . . . . . . . . . Explosions 434 | . . . . . 234 . . . . . . 200 . . . Melee . | . . . . . . . . . . . . . . . . Knockbacks 11 | . . 3 . . 8 . . . . . . . . . . Impact . | . . . . . . . . . . . . . . . . Kinetic 10 | . . 3 . . 7 . . . . . . . . . . Secondary 1 | . . . . . 1 . . . . . . . . . . Self-Inflicted Damage 138 | . . . . . . . . . . . . 138 . . . Shots . | . . . . . . . . . . . . . . . . Rammed . | . . . . . . . . . . . . . . . . Targets Rammed . | . . . . . . . . . . . . . . . . Kicked . | . . . . . . . . . . . . . . . . Crushed . | . . . . . . . . . . . . . . . . Highest Temperature 578 | . 2 13 105 . 241 115 96 . . . 18 578 . 163 . Average Temperature 78 | . 2 4 41 . 65 39 43 . . . 10 210 . 110 . Received Heat Transfer 1058 | . 36 24 9 . 770 . . . . . . 48 135 9 27 Effects 6 | . . . . . . . . . . . . 6 . . . Shutdowns 2 | . . . . . . . . . . . . 2 . . . Energy Bleed 1 | . . . . . . . . . . . . 1 . . . Matter Decay 1 | . . . . . . . . . . . . 1 . . . Damage (core) 2 | . . . . . . . . . . . . 2 . . . Siege Activations . | . . . . . . . . . . . . . . . . Martial Activations . | . . . . . . . . . . . . . . . . Shielding Activations . | . . . . . . . . . . . . . . . . Robots Disrupted . | . . . . . . . . . . . . . . . . Combat Hostiles . | . . . . . . . . . . . . . . . . Robots Corrupted . | . . . . . . . . . . . . . . . . Combat Hostiles . | . . . . . . . . . . . . . . . . Parts Fried . | . . . . . . . . . . . . . . . . Impact Corruptions . | . . . . . . . . . . . . . . . . Robots Melted 1 | . . . . . 1 . . . . . . . . . . Combat Hostiles 1 | . . . . . 1 . . . . . . . . . . Parts Melted 2 | . . . . . 2 . . . . . . . . . . Heat Transferred 3372 | . . 596 148 . 2147 37 . . . . . 444 . . . Parts Sabotaged 1 | . . . . . 1 . . . . . . . . . . Parts Stolen . | . . . . . . . . . . . . . . . . Parts Stripped . | . . . . . . . . . . . . . . . . Power Chain Reactions . | . . . . . . . . . . . . . . . . Alert | -11 -10 -10 -7 -7 -5 -4 -4 -4 -4 -3 -3 -3 -2 -2 -1 ------- Run | Yrd Mat Sub Rec Scr Fac Fac Upp Upp Zhi Pro Res Tes Res Qua Acc Maximum Alert Level 4 | . . . 1 . 4 3 . . . . . . . . 1 Low Security (%) 63 | 100 100 . 77 . 17 . . . . . 100 100 100 100 85 Level 1 9 | . . . 22 . 12 . . . . . . . . . 14 Level 2 6 | . . . . . 2 55 . . . . . . . . . Level 3 13 | . . . . . 37 44 . . . . . . . . . Level 4 6 | . . . . . 30 . . . . . . . . . . Level 5 . | . . . . . . . . . . . . . . . . High Security . | . . . . . . . . . . . . . . . . Max Security . | . . . . . . . . . . . . . . . . Peak Influence 1344 | . 80 . 287 . 1344 767 . . . . 24 82 30 77 275 Initial 635 | . . . 27 . . 635 . . . . . . . . 31 Average 283 | . 30 . 133 . 761 677 . . . . 3 8 11 28 47 Influence Increases 4220 | . 80 180 711 . 2039 386 15 . . . 56 189 66 132 366 Destroy 0b10 Robot/C 1360 | . 60 80 320 . 800 . . . . . . 80 20 . . Destroy 0b10 Robot/NC 45 | . . . 5 . 40 . . . . . . . . . . Destroy Leader 170 | . 20 10 . . 130 . . . . . . . 10 . . Allied During Kill 298 | . . . 177 . 121 . . . . . . . . . . Successful Hack 238 | . . . 24 . 3 59 . . . . 29 24 21 78 . Select Force Hacks 180 | . . . 180 . . . . . . . . . . . . Disable Machine 300 | . . . . . 240 30 . . . . . 15 . 15 . Anti-Garrison Action 150 | . . . . . 150 . . . . . . . . . . Destroy Structure 414 | . . . 5 . 270 42 . . . . 12 70 . 9 6 Partial Spotted 45 | . . . . . . 30 . . . . . . . . 15 Lose Combat Pursuer 1020 | . . 90 . . 285 225 15 . . . 15 . 15 30 345 Influence Decreases 4010 | . 50 152 616 153 741 921 643 87 48 . 56 189 66 79 209 Entered New Map 1242 | . . 15 31 153 . 663 283 27 48 . . . . . 22 Time Decay 1996 | . 50 123 455 . 361 238 350 60 . . 56 117 40 69 77 Lost Part 422 | . . 14 10 . 160 20 10 . . . . 72 26 . 110 Lost Ally 350 | . . . 120 . 220 . . . . . . . . 10 . Squads Dispatched 28 | . 1 . . . 12 9 . . . . 1 4 . . 1 Investigation 10 | . . . . . 4 5 . . . . . 1 . . . Extermination 6 | . . . . . 2 1 . . . . 1 1 . . 1 Reinforcement 4 | . 1 . . . 2 1 . . . . . . . . . Assault 6 | . . . . . 4 2 . . . . . . . . . Garrison 2 | . . . . . . . . . . . . 2 . . . Intercept . | . . . . . . . . . . . . . . . . Searches Triggered . | . . . . . . . . . . . . . . . . Construction Impeded 2 | . . . . . 2 . . . . . . . . . . Haulers Reinforced . | . . . . . . . . . . . . . . . . Active Scanning Responses . | . . . . . . . . . . . . . . . . Cargo Convoy Interrupts . | . . . . . . . . . . . . . . . . Stealth | -11 -10 -10 -7 -7 -5 -4 -4 -4 -4 -3 -3 -3 -2 -2 -1 --------- Run | Yrd Mat Sub Rec Scr Fac Fac Upp Upp Zhi Pro Res Tes Res Qua Acc Distress Signals 14 | . 2 . . . 1 2 . . . . 1 1 3 2 2 Communications Jammed . | . . . . . . . . . . . . . . . . Distress Signals . | . . . . . . . . . . . . . . . . Times Spotted 214 | . 8 19 16 . 71 17 3 . . . 1 12 12 6 49 Peak Tracking Total 17 | . 6 6 5 . 14 9 3 . . . 2 5 12 7 17 Tactical Retreats 25 | . . 2 . . 7 7 1 . . . 1 . 1 1 5 Traps | -11 -10 -10 -7 -7 -5 -4 -4 -4 -4 -3 -3 -3 -2 -2 -1 ------- Run | Yrd Mat Sub Rec Scr Fac Fac Upp Upp Zhi Pro Res Tes Res Qua Acc Traps Triggered 12 | . . 2 . . . 6 . . . . . 1 . . 3 Indirectly . | . . . . . . . . . . . . . . . . Trap Hack Attempts . | . . . . . . . . . . . . . . . . Triggered . | . . . . . . . . . . . . . . . . Disarmed . | . . . . . . . . . . . . . . . . Reprogrammed . | . . . . . . . . . . . . . . . . Reused . | . . . . . . . . . . . . . . . . Traps Extracted . | . . . . . . . . . . . . . . . . Installed . | . . . . . . . . . . . . . . . . Triggered . | . . . . . . . . . . . . . . . . Most Traps Carried 2 | . . 1 . 2 2 . . . . . . . . . . Machines | -11 -10 -10 -7 -7 -5 -4 -4 -4 -4 -3 -3 -3 -2 -2 -1 ---------- Run | Yrd Mat Sub Rec Scr Fac Fac Upp Upp Zhi Pro Res Tes Res Qua Acc Machines Disabled 22 | . . 1 . . 17 2 . . . . . 1 . 1 . Max in Single Turn 3 | . . 1 . . 3 1 . . . . . 1 . 1 . Garrison Access 1 | . . . . . 1 . . . . . . . . . . Machines Repaired . | . . . . . . . . . . . . . . . . Machines Dismantled . | . . . . . . . . . . . . . . . . Machines Sabotaged . | . . . . . . . . . . . . . . . . Overloaded Fab Kills . | . . . . . . . . . . . . . . . . Hacking | -11 -10 -10 -7 -7 -5 -4 -4 -4 -4 -3 -3 -3 -2 -2 -1 --------- Run | Yrd Mat Sub Rec Scr Fac Fac Upp Upp Zhi Pro Res Tes Res Qua Acc Machines Accessed 66 | . 1 2 10 2 6 10 1 1 6 . 5 7 2 10 3 Terminals 33 | . 1 . 4 . 2 5 . . . . 3 6 2 9 1 Fabricators 1 | . . . . . . . . . . . . . . . 1 Repair Stations 4 | . . . . . 2 . . . . . . . . 1 1 Recycling Units 12 | . . . 6 . 2 4 . . . . . . . . . Scanalyzers 1 | . . . . . . . . . . . 1 . . . . Garrison Access 3 | . . . . . . 1 . . . . 1 1 . . . Total Hacks 123 | . 2 5 14 4 10 20 1 1 19 . 9 12 3 19 4 Successful 71 | . 2 5 7 4 3 11 1 1 19 . 3 1 2 11 1 Failed 52 | . . . 7 . 7 9 . . . . 6 11 1 8 3 Catastrophic 14 | . . . 1 . 2 1 . . . . 1 4 . 3 2 Database Lockouts . | . . . . . . . . . . . . . . . . Manual 67 | . 2 . 14 . 7 18 . . . . 6 7 2 9 2 Terminals 67 | . 2 . 8 . 4 14 . . . . 7 10 3 18 1 Fabricators 2 | . . . . . . . . . . . . . . . 2 Repair Stations 6 | . . . . . 4 . . . . . . . . 1 1 Recycling Units 12 | . . . 6 . 2 4 . . . . . . . . . Scanalyzers 1 | . . . . . . . . . . . 1 . . . . Garrison Access 5 | . . . . . . 2 . . . . 1 2 . . . Terminal Hacks 39 | . . 5 . 4 . 1 1 1 19 . 1 . 1 6 . Record 17 | . . 4 . 3 . . . . 7 . . . . 3 . Part Schematic 4 | . . . . . . . . . 4 . . . . . . Robot Analysis 4 | . . . . . . . . . 4 . . . . . . Prototype ID Bank 4 | . . . . . . . . . 4 . . . . . . Open Door 2 | . . . . . . . 1 1 . . . . . . . Open DSF 1 | . . . . . . . . . . . . . 1 . . Level Access Points 2 | . . . . . . . . . . . 1 . . 1 . Emergency Access Points 1 | . . . . . . . . . . . . . . 1 . Terminal Index 2 | . . . . . . 1 . . . . . . . 1 . Proto ID Catalog 2 | . . 1 . 1 . . . . . . . . . . . Fabricator Hacks 1 | . . . . . . . . . . . . . . . 1 Network Status 1 | . . . . . . . . . . . . . . . 1 Repair Station Hacks 1 | . . . . . . . . . . . . . . 1 . Refit 1 | . . . . . . . . . . . . . . 1 . Recycling Unit Hacks . | . . . . . . . . . . . . . . . . Scanalyzer . | . . . . . . . . . . . . . . . . Garrison Access Hacks . | . . . . . . . . . . . . . . . . Unauthorized Hacks 30 | . 2 . 7 . 3 10 . . . . 2 1 1 4 . Terminals 17 | . 2 . 1 . . 6 . . . . 2 1 1 4 . Assimilate 1 | . . . . . . . . . . . . . . 1 . Botnet 11 | . 1 . . . . 3 . . . . 2 1 1 3 . Skim 5 | . 1 . 1 . . 3 . . . . . . . . . Fabricators . | . . . . . . . . . . . . . . . . Repair Stations 1 | . . . . . 1 . . . . . . . . . . Mechanics 1 | . . . . . 1 . . . . . . . . . . Recycling Units 12 | . . . 6 . 2 4 . . . . . . . . . Tunnel 6 | . . . 6 . . . . . . . . . . . . Fedlink 6 | . . . . . 2 4 . . . . . . . . . Scanalyzers . | . . . . . . . . . . . . . . . . Garrison Access . | . . . . . . . . . . . . . . . . Data Cores Recovered . | . . . . . . . . . . . . . . . . Used . | . . . . . . . . . . . . . . . . Hacking Detections 40 | . 1 . 4 . 4 6 . . . . 5 7 1 9 3 Full Trace Events 3 | . . . . . 2 . . . . . . 1 . . . Feedback Events . | . . . . . . . . . . . . . . . . Feedback Blocked . | . . . . . . . . . . . . . . . . Robot Schematics Acquired . | . . . . . . . . . . . . . . . . Robots Built . | . . . . . . . . . . . . . . . . Authchips . | . . . . . . . . . . . . . . . . Time . | . . . . . . . . . . . . . . . . Total Robot Build Rating . | . . . . . . . . . . . . . . . . Part Schematics Acquired 4 | . . . . . . . . . 4 . . . . . . Parts Built . | . . . . . . . . . . . . . . . . Authchips . | . . . . . . . . . . . . . . . . Time . | . . . . . . . . . . . . . . . . Total Part Build Rating . | . . . . . . . . . . . . . . . . Parts Repaired . | . . . . . . . . . . . . . . . . Time . | . . . . . . . . . . . . . . . . Parts Recycled . | . . . . . . . . . . . . . . . . Recycled Matter . | . . . . . . . . . . . . . . . . Retrieved Matter . | . . . . . . . . . . . . . . . . Retrieved Components . | . . . . . . . . . . . . . . . . Parts Scanalyzed . | . . . . . . . . . . . . . . . . Part Schematics Acquired . | . . . . . . . . . . . . . . . . Parts Damaged . | . . . . . . . . . . . . . . . . Bothacking | -11 -10 -10 -7 -7 -5 -4 -4 -4 -4 -3 -3 -3 -2 -2 -1 ------------ Run | Yrd Mat Sub Rec Scr Fac Fac Upp Upp Zhi Pro Res Tes Res Qua Acc Used RIF Installer . | . . . . . . . . . . . . . . . . Robots Hacked 5 | . . . 4 1 . . . . . . . . . . . Non-combat 1 | . . . 1 . . . . . . . . . . . . Combat 4 | . . . 3 1 . . . . . . . . . . . Robot Hacks Applied 8 | . . . 5 3 . . . . . . . . . . . parse_system 8 | . . . 5 3 . . . . . . . . . . . Relay Couplers Released 3 | . . . . . 3 . . . . . . . . . . Machine Destruction 3 | . . . . . 3 . . . . . . . . . . Fabnet Peak Effective % . | . . . . . . . . . . . . . . . . Robots Rewired 24 | . . . 24 . . . . . . . . . . . . Allies Hacked 2 | . . . . . 2 . . . . . . . . . . Hacks Repelled . | . . . . . . . . . . . . . . . . Allies | -11 -10 -10 -7 -7 -5 -4 -4 -4 -4 -3 -3 -3 -2 -2 -1 -------- Run | Yrd Mat Sub Rec Scr Fac Fac Upp Upp Zhi Pro Res Tes Res Qua Acc Total Allies 25 | . . . 24 . . . . . . . . . . 1 . Largest Group 19 | . . . 19 15 15 . . . . . . . . 1 . Highest-Rated Group 431 | . . . 431 342 342 . . . . . . . . 45 . Highest-Rated Ally 45 | . . . 40 40 40 . . . . . . . . 45 . Total Orders 26 | . . . 10 11 5 . . . . . . . . . . STAY 10 | . . . 3 6 1 . . . . . . . . . . FOLLOW 7 | . . . 3 4 . . . . . . . . . . . PICKUP 3 | . . . 3 . . . . . . . . . . . . COLLECT 2 | . . . 1 1 . . . . . . . . . . . EXPLORE 2 | . . . . . 2 . . . . . . . . . . RETURN 2 | . . . . . 2 . . . . . . . . . . Ally Attacks 80 | . . . 56 . 24 . . . . . . . . . . Total Damage 1905 | . . . 1339 . 566 . . . . . . . . . . Kills 22 | . . . 18 . 4 . . . . . . . . . . Allies Corrupted . | . . . . . . . . . . . . . . . . Allies Melted . | . . . . . . . . . . . . . . . . Intel | -11 -10 -10 -7 -7 -5 -4 -4 -4 -4 -3 -3 -3 -2 -2 -1 ------- Run | Yrd Mat Sub Rec Scr Fac Fac Upp Upp Zhi Pro Res Tes Res Qua Acc Active Infowar (turns) 3853 | . . 446 . . 458 504 784 128 76 243 370 457 . 23 364 Optics 800 | . . 446 . . . . . . . . . . . . 354 Sensors 3186 | . . . . . 361 466 784 128 74 243 370 431 . 23 306 Seismic 2466 | . . . . . 97 313 782 128 76 243 370 457 . . . Cloaking 76 | . . . . . . 3 7 65 . . 1 . . . . ECM 179 | . . . . . . . . . . . . . . . 179 Robot Analysis Total 4 | . . . . . . . . . 4 . . . . . . Derelict Logs Recovered 10 | . . 1 . 5 . . 2 2 . . . . . . . Drone Launches 3 | . . . . . 3 . . . . . . . . . . Drone Recoveries 2 | . . . . . 2 . . . . . . . . . . Exploration | -11 -10 -10 -7 -7 -5 -4 -4 -4 -4 -3 -3 -3 -2 -2 -1 ------------- Run | Yrd Mat Sub Rec Scr Fac Fac Upp Upp Zhi Pro Res Tes Res Qua Acc Turns Passed 10048 | 82 189 2102 1145 2313 941 507 784 128 76 243 370 530 121 147 370 Spaces Moved 10071 | 45 94 1475 865 1706 827 1115 599 335 190 323 772 649 169 240 667 Core 375 | 14 . . . . 286 . . . . . . . 54 . 21 Treads 696 | 31 94 571 . . . . . . . . . . . . . Legs . | . . . . . . . . . . . . . . . . Wheels 3807 | . . 904 865 1706 332 . . . . . . . . . . Hover . | . . . . . . . . . . . . . . . . Flight 5193 | . . . . . 209 1115 599 335 190 323 772 649 115 240 646 Fastest Speed 28 | 50 160 105 90 100 32 32 32 35 35 35 35 37 37 37 28 Average Speed 71 | 151 160 128 103 105 74 33 32 36 35 35 36 38 53 37 36 Slowest Speed 240 | 200 160 240 125 115 140 40 37 37 35 35 37 125 100 37 100 Overloaded Moves 102 | . . . . . . . . . . . . . . . 102 Propulsion Burnouts 1 | . . . . . . . . . . . . . . . 1 Robots Hopped 35 | . . . . . 6 13 . 1 . . 5 7 . 1 2 Potential Cave-ins . | . . . . . . . . . . . . . . . . Cave-ins Triggered . | . . . . . . . . . . . . . . . . Teleports 1 | . . . . . . . . . . . . 1 . . . Exploration Rate (%) 45 | 5 22 92 93 86 21 27 54 48 62 58 15 74 9 33 28 Regions Visited 15 Branch Regions 9 Pre-discovered Areas 16 | . . 2 6 2 1 . 2 . 3 . . . . . . Known Exits Taken 10 | . . . . . 1 1 1 1 1 1 1 1 1 1 . Unknown Exits Taken 5 | 1 1 1 1 1 . . . . . . . . . . . Scrap Searched 17 | . . 5 . 4 . . 3 2 . 3 . . . . . Spaces Dug 59 | . . 6 5 . 1 18 12 . . . 6 6 . 3 2 Terrain Destroyed 282 | . . 35 5 . 154 21 12 . . . 6 44 . 3 2 Melee 43 | . . 1 5 . 1 16 8 . . . 3 4 . 3 2 Projectile 36 | . . 5 . . 11 5 4 . . . 3 8 . . . AOE 201 | . . 29 . . 142 . . . . . . 30 . . . Terrain Rammed 2 | . . . . . . . . . . . . 2 . . . Walls Destroyed 2 | . . . . . . . . . . . . 2 . . . Machines Disabled . | . . . . . . . . . . . . . . . . Actions | -11 -10 -10 -7 -7 -5 -4 -4 -4 -4 -3 -3 -3 -2 -2 -1 --------- Run | Yrd Mat Sub Rec Scr Fac Fac Upp Upp Zhi Pro Res Tes Res Qua Acc Total 12416 | 56 118 1599 1079 2214 1005 1202 1175 339 200 452 847 866 190 291 783 Wait 1655 | . 16 27 110 491 19 15 550 . . 130 57 139 9 38 54 Move 9991 | 44 93 1474 864 1705 815 1091 598 332 189 322 761 635 168 237 663 Hop 30 | . . . . . 5 10 . 1 . . 5 6 . 1 2 Pick Up 96 | 6 1 15 8 6 17 11 1 3 3 . 3 12 1 6 3 Fast Attach 61 | 6 . 1 1 2 24 8 1 . 2 . 3 4 4 . 5 Attach 52 | . . 6 . . 10 8 3 2 1 . 3 10 3 3 3 Detach 26 | . . . . . 2 7 4 . 1 . 3 3 1 1 4 Swap 48 | . 1 14 9 . 15 1 3 . . . 2 2 . . 1 Drop 73 | . . 10 4 7 18 7 3 1 4 . 4 9 . 1 5 Fire 159 | . 7 42 3 . 72 8 4 . . . 3 20 . . . Melee 134 | . . 10 52 3 8 17 8 . . . 3 18 4 4 7 Ram 2 | . . . . . . . . . . . . 2 . . . Kick . | . . . . . . . . . . . . . . . . Crush . | . . . . . . . . . . . . . . . . Escape Stasis 61 | . . . . . . 19 . . . . . 6 . . 36 Rewire 28 | . . . 28 . . . . . . . . . . . . Trap . | . . . . . . . . . . . . . . . . Miscellaneous . | . . . . . . . . . . . . . . . . Route ------- -11/Scrapyard -10/Materials -10/Subcaves (discovered 3 exits: [*Mat x2] / *Rec) -7/Recycling (discovered 2 exits: *Fac / *Scr) -7/Scraptown (discovered 2 exits: *Fac x2) -5/Factory (discovered 4 exits: *Fac x2 / [*Upp] / Ext) -4/Factory (discovered 2 exits: *Res / *Upp) -4/Upper Caves -4/Upper Caves -4/Zhirov -3/Proximity Caves -3/Research (discovered 4 exits: Res x3 / *Tes) -3/Testing -2/Research -2/Quarantine -1/Access History --------- Turn | Location | Event 12 | -11/Scrapyard | Discovered new exit (range 15) 83 | -11/Scrapyard | Entered Materials 245 | -10/Materials | Discovered new exit (range 6) 272 | -10/Materials | Entered Subcaves 306 | -10/Subcaves | Build established: Mutant 436 | -10/Subcaves | Learned Materials emergency access door positions 770 | -10/Subcaves | Shifting Twisted Machinery released Mak. Sword 862 | -10/Subcaves | Shifting Twisted Machinery released Multitool 1118 | -10/Subcaves | Discovered new exit (range 14) 1518 | -10/Subcaves | Visited Clippyterm 1521 | -10/Subcaves | Learned location of Extension (-5) 1521 | -10/Subcaves | Learned location of Section 7 (-2) 1532 | -10/Subcaves | Discovered new exit (range 7) 1565 | -10/Subcaves | Core integrity fell below 50% 1593 | -10/Subcaves | Lost 3 parts (1n1u1w) 2013 | -10/Subcaves | Visited 4L-MR0's lab 2029 | -10/Subcaves | Found Flightbrick 2370 | -10/Subcaves | Discovered new exit (range 3) 2374 | -10/Subcaves | Entered Recycling 2375 | -7/Recycling | Joined Warlord attack on 0b10 via Recycling 2497 | -7/Recycling | Discovered new exit (range 6) 2916 | -7/Recycling | Lost 3 allies 3027 | -7/Recycling | Build established: Commander-Mutant 3031 | -7/Recycling | P-60 Hacker assimilated allied Guardian 4a 3036 | -7/Recycling | Core integrity fell below 20% 3349 | -7/Recycling | Lost 4 allies 3422 | -7/Recycling | Scanned before Scraplab entrance 3436 | -7/Recycling | Entered Scraplab 3444 | -7/Recycling | Discovered new exit (range 2) 3519 | -7/Recycling | Entered Scraptown 3519 | -7/Scraptown | Accompanied by 15 allies 3712 | -7/Scraptown | Scanned Subdweller tech in exchange for log data 3714 | -7/Scraptown | Learned location of 2 exits from Proximity Caves 3715 | -7/Scraptown | Learned location of Testing (-3) 3716 | -7/Scraptown | Learned location of 1 exit from Lower Caves 3717 | -7/Scraptown | Learned location of 2 exits from Factory 3728 | -7/Scraptown | Discovered new exit (range 11) 3790 | -7/Scraptown | Visited CPS Storage 3810 | -7/Scraptown | Visited UFD Registry 3810 | -7/Scraptown | Registered with UFD as "Megaranger" 3822 | -7/Scraptown | Visited Cyclists 3829 | -7/Scraptown | Entered Cyclist Reading Room 3873 | -7/Scraptown | Visited Artisan Demo Area 3894 | -7/Scraptown | Visited Shadow of the Wyrm 3915 | -7/Scraptown | Visited TADAMA 3965 | -7/Scraptown | Visited CR-KLE's Repair Center 3988 | -7/Scraptown | Visited Fellowship of the Rings 4031 | -7/Scraptown | Guru changed UFD alias to "Nanounit" 4322 | -7/Scraptown | Visited Science Guys 4389 | -7/Scraptown | Visited Curators Association 4421 | -7/Scraptown | Visited Abandonware Association 4431 | -7/Scraptown | Learned abandonware demo "HACKBUD.EXE" 4452 | -7/Scraptown | Visited Scrap Suit Storage 4467 | -7/Scraptown | Visited Chapter 10 4488 | -7/Scraptown | Visited LU-1G1's Boring Crew 4512 | -7/Scraptown | Visited A0-MCA Data Center 4526 | -7/Scraptown | Visited Supply Room 4602 | -7/Scraptown | Given a B- rating by A0-MCA 4607 | -7/Scraptown | Found A0-MCA's Component Scanner 4877 | -7/Scraptown | Discovered new exit (range 5) 5775 | -7/Scraptown | Met Optimus 5775 | -7/Scraptown | Accepted into 0bPrime 5832 | -7/Scraptown | Entered Factory 5832 | -5/Factory | Accompanied by 15 allies 5832 | -5/Factory | Evolved 10 slots: Power x1, Propulsion x4, Utility x5 5833 | -5/Factory | Identified exit to Factory 5833 | -5/Factory | Identified exit to Extension 5836 | -5/Factory | Discovered new exit (range 15) 6103 | -5/Factory | Lost 4 allies 6158 | -5/Factory | Destroyed 12 combat bots 6370 | -5/Factory | Loaded intel: 8 recycling unit locations 6429 | -5/Factory | Lost 3 allies 6432 | -5/Factory | First assault squad dispatched 6473 | -5/Factory | Lost 7 parts (2p1n4u) 6511 | -5/Factory | Destroyed 8 combat bots 6522 | -5/Factory | Attached Flightbrick, gained temporary slots: Utility x3 6569 | -5/Factory | Lost 6 parts (2p2n1u1w) 6611 | -5/Factory | Discovered exit to Factory (range 8) 6657 | -5/Factory | Learned location of Protoforge (-2) 6717 | -5/Factory | Build established: Mutant 6773 | -5/Factory | Entered another Factory area 6773 | -4/Factory | Evolved 2 slots: Utility x1, Weapon x1 6796 | -4/Factory | Loaded intel: 8 recycling unit locations 6826 | -4/Factory | Noticed UFD Elites at a Recycling Unit 6920 | -4/Factory | Discovered new exit (range 15) 6924 | -4/Factory | Identified exit to Research 6956 | -4/Factory | Allied Derelicts emerged from ambush trap array 6988 | -4/Factory | Lost 3 allies 7023 | -4/Factory | First assault squad dispatched 7059 | -4/Factory | Discovered new exit (range 15) 7093 | -4/Factory | Identified exit to Upper Caves 7280 | -4/Factory | Entered Upper Caves 7515 | -4/Upper Caves | Build established: Sprinter 7998 | -4/Upper Caves | Found DCF Scrap (14 items) 8004 | -4/Upper Caves | Attracted the attention of an 0b10 checkpoint 8058 | -4/Upper Caves | Discovered new exit (range 8) 8063 | -4/Upper Caves | Identified exit to Upper Caves 8064 | -4/Upper Caves | Entered another Upper Caves area 8084 | -4/Upper Caves | Encountered a Warlord checkpoint 8120 | -4/Upper Caves | Learned 8 Research zone layouts 8124 | -4/Upper Caves | Learned location of 1 exit from Proximity Caves 8188 | -4/Upper Caves | Discovered new exit (range 10) 8191 | -4/Upper Caves | Identified exit to Zhirov 8192 | -4/Upper Caves | Entered Zhirov 8192 | -4/Zhirov | Discovered new exit (range 3) 8199 | -4/Zhirov | Met Zhirov 8210 | -4/Zhirov | Found Alien Artifact 8216 | -4/Zhirov | Found Alien Artifact 8216 | -4/Zhirov | Identified Integrated Dissipator 8216 | -4/Zhirov | Installed Integrated Dissipator, increased core heat dissipation (+20) 8243 | -4/Zhirov | Learned location of Quarantine (-2) 8246 | -4/Zhirov | Zhirov requested help retrieving the SGEMP Prototype 8268 | -4/Zhirov | Identified exit to Proximity Caves 8268 | -4/Zhirov | Entered Proximity Caves 8362 | -3/Proximity Caves | Build established: Mutant 8457 | -3/Proximity Caves | Received a Behemoth hack from an annoying Tinkerer 8511 | -3/Proximity Caves | Entered Research 8511 | -3/Research | Evolved 2 slots: Propulsion x1, Utility x1 8512 | -3/Research | Identified exit to Testing 8658 | -3/Research | Identified exit to Research 8727 | -3/Research | Spotted B-86 Titan 8881 | -3/Research | Entered Testing 8903 | -3/Testing | Found Z-bomb Delivery System 9130 | -3/Testing | Spotted Striker 9268 | -3/Testing | Spotted Striker 9271 | -3/Testing | Spotted Alpha 7 9276 | -3/Testing | Garrison activated, responded to threat 9276 | -3/Testing | Destroyed Striker 9278 | -3/Testing | Destroyed Striker 9284 | -3/Testing | Identified Transdimensional Reconstructor 9284 | -3/Testing | Warped through subspace 9310 | -3/Testing | Lost 5 parts (2n2u1w) 9326 | -3/Testing | Found Exp. Hacking Suite 9339 | -3/Testing | Core integrity fell below 50% 9347 | -3/Testing | System corruption reached 10% 9348 | -3/Testing | Discovered exit to Research (range 12) 9377 | -3/Testing | Lost 3 parts (3u) 9411 | -3/Testing | Entered Research 9411 | -2/Research | Evolved 2 slots: Utility x1, Weapon x1 9412 | -2/Research | Identified exit to Quarantine 9412 | -2/Research | Identified exit to DSF 9442 | -2/Research | Lost 9 parts (2p1n2u4w) 9516 | -2/Research | Spotted B-90 Cyclops 9525 | -2/Research | Spotted B-90 Cyclops 9532 | -2/Research | Entered Quarantine 9549 | -2/Quarantine | Found Alien Reactor 9649 | -2/Quarantine | Identified exit to Access 9679 | -2/Quarantine | Entered Access 9679 | -1/Access | Evolved 2 slots: Propulsion x2 9936 | -1/Access | Identified Matter Drive 10034 | -1/Access | Core integrity fell below 50% 10043 | -1/Access | Core integrity fell below 20% 10047 | -1/Access | System corruption reached 10% 10049 | -1/Access | Destroyed by S-43 Plague with Heavy Machine Gun Last Messages --------------- the area. 10043_ Door malfunctions. 10043_ Gamma Bomb Trap short circuited. 10043_ Door malfunctions. 10043_ K-01 Serf destroyed. 10043_ A bubble of electromagnetic force engulfs the area. 10043_ Gamma Bomb Trap short circuited. 10043_ Chain reaction triggered in Corrupted Lgt. Ion Engine. 10043_ U-05 Engineer destroyed. 10043_ A bubble of electromagnetic force engulfs the area. 10043_ Emergency Access malfunctions. 10043_ R-10 Processor destroyed. 10043_ Gravity Neutralizer destroyed. 10043_ Enh. Optical Array destroyed. 10046_ Acquired Corrupted Q-thruster. 10046_ Integrated Corrupted Q-thruster (+10). 10047_ W-44 Eye sends out distress signal. Map ----- +----------------------------------------------------+ | ?????????? ??????# #????????????????? | | ??????????? ??????# #???#+#??????????? | | ????#########+####### ##### #??????????? | | ????# !! #??????????? | | ????# !! ##?????????? | | ????# ! #?????????? | | ????# #?????????? | | ????? ^ #???####### | | ????????????# #???# | | ????????????# %] ##### | | ????????????# **]% | | ????????????+ " | | ????????????# | | ????????????# ### ###### | | ????????????# #?# #????# | | ????????????# ##### ####?# #????### # | | ??????####### p #???# #????#+###????# # | | ????# #???# #????# #????# # | | ????# #### ss%##??#+#????# ###### # | | ????????????# s #?? ????# + # | | ????????????# ##?? ????# #######+## | | ????????????# s #?? "????# #????????? | | ????????????# s##?? """ # #????????? | | ???????????##s##/##??""" # #????????? | | ???????????# s # " #####????????? | | ???????????# s @/ w k #????????????? | | ???????????# ] # = w #????????????? | | ???????????# *% #??##u#####????????????? | | ???????????# #??????????????????????? | | ???????????#* #??????????????????????? | | ???????????###+####??????????????????????? | | ?????????????????????????????????????????? | | ?????????????????????????????????????????? | | ?????????????????????????????????????????? | | ?????????????????????????????????????????? | | ?????????????????????????????????????????? | | ?????????????????????????????????????????? | | ?????????????????????????????????????????? | | ?????????????????????????????????????????? | | ?????????????????????????????????????????? | | ?????????????????????????????????????????? | | ?????????????????????????????????????????? | | ?????????????????????????????????????????? | | ?????????????????????????????????????????? | | ?????????????????????????????????????????? | | ?????????????????????????????????????????? | | ?????????????????????????????????????????? | | ?????????????????????????????????????????? | | ?????????????????????????????????????????? | | ?????????????????????????????????????????? | +----------------------------------------------------+ Best States ------------- Heat Dissipation 85 Energy Generation 49 Energy Capacity 510 Matter Stores 300 Matter Capacity 300 Sight Range 22 Robot Scan Range 16 Terrain Scan Density 10 ECM Strength 1 Cloak Strength 2 Power Amplification 40 Additional Mass Support 12 Corruption Containment 8 Armor Coverage 450 Resistance: TH 10 Evasion (%) 75 Melee Accuracy 6 Launcher Accuracy 40 Core Analysis 9 Recoil Reduction 2 Energy Filtering 50 Offensive Hacking 16 Authchip Count 3 Item Schematics ----------------- Assault Drone Bay | -4/Zhirov | Free Exp. Heat Sink | -4/Zhirov | Free Exp. Optical Array | -4/Zhirov | Free Imp. Arc Thrower | -4/Zhirov | Free Robot Schematics ------------------ None Fabricated ------------ Nothing Repaired ---------- Nothing Alien Tech Used ----------------- Integrated Dissipator Transdimensional Reconstructor Matter Drive Achievements -------------- Hard Hitter Challenges ------------ None Game ------ Seed BiomechanicalPlatingKit Manual? 0 Play Time 05:08:33 Cumulative 277.3 hours Start 2025.07.28 @ 12:31:13 End 2025.07.30 @ 12:29:28 Sessions 15 Manual Loads 0 Difficulty Rogue Special Mode None Game No. 239 Rogue 239 Adventurer 0 Explorer 0 Win Type - Total 1 Types 1/0/0/0/0/0/0/0/0/0 Lore% 78 Gallery% 65 Achievement% 55 Wizard Run 0 Options --------- Layout 1 ASCII 0 Keyboard 0 Movement Mouse Keybinds 0 Fullscreen 1 Font 24/Smallcaps Map View 50x35 Zoom Use 0% Tactical HUD 1 Map Filters NONE Filters NONE Steam 1 RUN: c631935a-f782-40c7-8d03-b339099bba7c